 Dungeon Crawl Stone Soup version 0.28-a0-317-g21599a725c (webtiles) character file.

Game seed: 10254012773897818945

1010 AarnesTheHuman the Frost Mage (level 8, -1/61 HPs)
             Began as a Barachi Ice Elementalist on Sept 1, 2021.
             Was an Initiate of Cheibriados.
             Slain by an ogre (21 damage)
             ... on level 5 of the Dungeon.
             The game lasted 00:14:27 (7198 turns).

AarnesTheHuman the Frost Mage (BaIE)                Turns: 7198, Time: 00:14:27

Health: -1/61      AC: 11    Str: 11    XL:     8   Next: 21%
Magic:  1/14       EV: 13    Int: 18    God:    Cheibriados [......]
Gold:   213        SH:  0    Dex: 20    Spells: 5/16 levels left

rFire   + . .      SeeInvis .   b - +2 hand axe (vorpal)
rCold   . . .      Faith    .   (no shield)
rNeg    . . .      Spirit   .   u - +0 robe
rPois   .          Reflect  .   (no helmet)
rElec   .          Harm     .   k - +0 cloak
rCorr   .          Rampage  .   (no gloves)
Will    .....                   p - +0 pair of boots
Stlth   ++........              (no amulet)
HPRegen 0.20/turn               l - +6 ring of dexterity
MPRegen 0.14/turn               m - ring of protection from fire

@: ice-armoured, freezing walls, very slow
A: amphibious, slowness 1, strong legs 1, +LOS
a: Hop, Renounce Religion, Bend Time


You were on level 5 of the Dungeon.
You worshipped Cheibriados.
Cheibriados was noncommittal.
You visited 2 branches of the dungeon, and saw 6 of its levels.

You collected 213 gold pieces.

Inventory:

Hand Weapons
 a - a +2 hunting sling of flaming
 b - a +2 vorpal hand axe (weapon)
 c - a +0 dagger
 t - a +0 whip of freezing
Missiles
 g - 125 stones
 j - 6 atropa-tipped darts
 r - 4 boomerangs
 s - a throwing net
 v - 3 poisoned darts
 w - 39 sling bullets
Armour
 k - a +0 cloak (worn)
 p - a +0 pair of boots (worn)
 u - a +0 robe (worn)
 x - a +0 ring mail
Jewellery
 l - a +6 ring of dexterity (left hand)
 m - a ring of protection from fire (right hand)
Scrolls
 f - a scroll of amnesia
 i - a scroll of vulnerability {unknown}
 o - a scroll of magic mapping
 q - a scroll of brand weapon {unknown}
Potions
 d - a potion of flight {unknown}
 e - a potion of curing
 h - a potion of ambrosia {unknown}
 n - a potion of heal wounds {unknown}


   Skills:
 + Level 4.4 Fighting
 - Level 3.6 Axes
 - Level 2.1 Dodging
 - Level 1.7 Stealth
 + Level 4.5 Spellcasting
 * Level 1.1 Conjurations
 - Level 8.8 Ice Magic
 * Level 0.8 Invocations


You had 5 spell levels left.
You knew the following spells:

 Your Spells              Type           Power      Damage    Failure   Level
a - Freeze                Ice            100%       1d11      1%          1
b - Frozen Ramparts       Ice            70%        1d9       1%          3
c - Ozocubu's Armour      Ice            35%        N/A       1%          3
d - Hailstorm             Conj/Ice       22%        3d7       19%         4

Your spell library contained the following spells:

 Spells                   Type           Power      Damage    Failure   Level
 Summon Guardian Golem    Hex/Summ       4%         N/A       38%         3
 Orb of Destruction       Conj           4%         9d2       100%        7
 Spellforged Servitor     Conj/Summ      3%         N/A       100%        7


Dungeon Overview and Level Annotations

Branches:
Dungeon (5/15)             Temple (1/1) D:4

Altars:
Ashenzari
Cheibriados
Dithmenos
Elyvilon
Fedhas
Gozag
Makhleb
Nemelex Xobeh
Qazlal
Ru
Wu Jian
Xom
Zin
The Shining One


Innate Abilities, Weirdness & Mutations

You are amphibious.
You cover ground slowly.
You can hop short distances.
You have an extended range of vision and can be seen from far away.


Message History

Casting: Frozen Ramparts (safe; 1% risk of failure)
Press: ? - help, Dir - look around, f - activate An open door.
The walls around you are covered in ice.
The wall freezes Sigmund.
Sigmund hits you with a +2 scythe of pain!
The water moccasin skeleton completely resists.
The wall freezes the water moccasin skeleton but does no damage.
The wall freezes the ogre.
The ogre closely misses you.
Casting: Frozen Ramparts (safe; 1% risk of failure)
Confirm with . or Enter, or press ? or * to list all spells.
A film of ice covers your body!
The wall freezes Sigmund!
Sigmund closely misses you.
You hit Sigmund but do no damage.
Sigmund is almost dead.
You hit the ogre.
The wall freezes the ogre.
The ogre hits you with a +0 giant spiked club!
The flow of time bends around you.
Sigmund resists with some effort.
Cheibriados rebukes the water moccasin skeleton.
The water moccasin skeleton seems to slow down.
The ogre resists with some effort.
The wall freezes Sigmund.
Sigmund zaps a wand.
You resist with some effort.
The water moccasin skeleton completely resists.
The wall freezes the water moccasin skeleton but does no damage.
The water moccasin skeleton completely misses you.
The wall freezes the ogre.
The ogre barely misses you.
Okay, then.
Casting: Ozocubu's Armour (safe; 1% risk of failure)
Confirm with . or Enter, or press ? or * to list all spells.
Aiming: Freeze (safe; 1% risk of failure)
Press: ? - help, Shift-Dir - straight line, f - Sigmund
Aim: Sigmund, wielding a +2 scythe of pain, wearing a +0 robe and carrying a wand of polymorph (9) (almost dead)
You freeze Sigmund.
You kill Sigmund!
Cheibriados appreciates the change of pace.
The water moccasin skeleton resists.
The wall freezes the water moccasin skeleton.
The water moccasin skeleton bites you.
The wall freezes the ogre.
The ogre hits you with a +0 giant spiked club!!
You die...

.##
...^#########
....$.......#
.....(......####
........)OZ....#
.......##@######
...... #)####
..... #.##.#
.... #.##.# ...
#.##.# .. #.##.#
+ #.##.# #.##.#
#.##.#


You could see an ogre and a water moccasin skeleton (slow).

Vanquished Creatures
  Pikel (D:4)
  Sigmund (D:5)
  3 ogres
  A lemure (D:4)
  A hound skeleton (D:4)
  Robin (Temple)
  A howler monkey skeleton (D:4)
  8 gnolls
  4 adders
  A white imp (D:5)
  3 dart slugs
  An orc (D:4)
  3 bats
  7 endoplasms
  3 giant cockroaches
  16 goblins
  11 hobgoblins
  2 jackals (D:4)
  4 quokkas
  6 ball pythons
  3 frilled lizards
  7 kobolds
  23 rats
111 creatures vanquished.

Vanquished Creatures (others)
  A demonic plant (D:1)
  2 fungi (D:1)
  A plant (D:1)
4 creatures vanquished.

Grand Total: 115 creatures vanquished

Notes
Turn   | Place    | Note
-------+----------+-------------------------------------------
     0 | D:1      | AarnesTheHuman the Barachi Ice Elementalist began the quest
                  | for the Orb.
     0 | D:1      | Reached XP level 1. HP: 13/13 MP: 3/3
   320 | D:1      | Reached skill level 5 in Ice Magic
   706 | D:1      | Reached XP level 2. HP: 20/20 MP: 5/5
   994 | D:1      | Found a faded altar of an unknown god.
  1317 | D:1      | Reached XP level 3. HP: 5/25 MP: 2/6
  1324 | D:1      | Reached skill level 1 in Fighting
  2669 | D:2      | Reached XP level 4. HP: 14/33 MP: 3/7
  3069 | D:1      | Reached skill level 1 in Axes
  3161 | D:2      | Reached skill level 6 in Ice Magic
  4033 | D:2      | Reached XP level 5. HP: 32/38 MP: 7/9
  4052 | D:2      | Learned a level 3 spell: Frozen Ramparts
  4056 | D:2      | Learned a level 3 spell: Ozocubu's Armour
  4996 | D:4      | Noticed an ogre
  4999 | D:4      | Found a staircase to the Ecumenical Temple.
  5008 | D:4      | Killed an ogre
  5009 | D:4      | Reached XP level 6. HP: 8/46 MP: 4/11
  5269 | Temple   | Entered the Ecumenical Temple
  5520 | D:4      | Reached skill level 7 in Ice Magic
  5718 | D:4      | Noticed Pikel
  5731 | D:4      | Killed Pikel
  5732 | D:4      | Reached skill level 8 in Ice Magic
  5732 | D:4      | Reached XP level 7. HP: 17/54 MP: 1/13
  5732 | D:4      | Reached XP level 8. HP: 19/60 MP: 1/14
  5993 | D:4      | Noticed Robin
  6157 | Temple   | Killed Robin
  7078 | Temple   | Became a worshipper of Cheibriados the Contemplative
  7101 | D:4      | Learned a level 4 spell: Hailstorm
  7117 | D:5      | Entered Level 5 of the Dungeon
  7166 | D:5      | Noticed Sigmund
  7180 | D:5      | Reached skill level 1 in Conjurations
  7198 | D:5      | Killed Sigmund
  7198 | D:5      | Slain by an ogre

Illustrated notes

Levels and vault maps discovered:
D:1:      erik_arrival_orb_chamber, layout_basic, shapermc_ecumenical_altar_gd,
          chequers_serial_rivers_small_3, grunt_decor_junction
D:2:      layout_loops_ring
D:3:      layout_loops_ring, grunt_decor_clamped, minmay_rat_hole
D:4:      layout_loops_ring, minmay_temple_entry_waves,
          kennysheep_generic_room_14, uniq_pikel, uniq_robin
D:5:      layout_basic, nicolae_overflow_crystal_walls, uniq_sigmund,
          uniq_crazy_yiuf_cottage
Temple:   eino_temple_water

Skill      XL: |  1  2  3  4  5  6  7  8 |
---------------+-------------------------+-----
Ice Magic      | 5 6 8 |  8.8
Fighting       | 2 4 |  4.4
Axes           | 1 2 3 |  3.6
Spellcasting   | 3 4 |  4.5
Conjurations   | 1 |  1.1
Dodging        | |  2.1
Stealth        | |  1.7
Invocations    | |  0.8

Action                   |  1- 3 |  4- 6 |  7- 9 || total
-------------------------+-------+-------+-------++-------
Melee: Dagger            |    42 |       |       ||    42
       Unarmed           |     1 |       |       ||     1
       Hand axe          |    29 |    81 |    26 ||   136
 Fire: Hunting sling     |       |       |     2 ||     2
 Cast: Freeze            |    40 |    33 |    14 ||    87
       Frozen Ramparts   |       |     4 |     3 ||     7
       Ozocubu's Armour  |       |     1 |     1 ||     2
Invok: Bend Time         |       |       |     1 ||     1
 Abil: Hop               |       |       |     1 ||     1
  Use: Scroll            |       |     6 |       ||     6
       Potion            |       |       |     1 ||     1
 Stab: Sleeping          |     5 |     9 |     1 ||    15
Armor: Robe              |    16 |    14 |     7 ||    37
Dodge: Dodged            |    58 |    53 |    35 ||   146

Table legend: (Time is in decaauts)
 A = Elapsed time spent in this place.
 B = Non-inter-level travel time spent in this place.
 C = Inter-level travel time spent in this place.
 D = Time resting spent in this place.
 E = Time spent auto-exploring this place.
 F = Levels seen in this place.
 G = Mean time per level.
                   A        B        C        D        E       F      G
               +--------+--------+--------+--------+--------+-----+--------+
         Total |   7900 |   7242 |    658 |   2260 |   3906 |   6 | 1316.7 |
       Dungeon |   7405 |   6789 |    616 |   2007 |   3767 |   5 | 1481.0 |
        Temple |    495 |    454 |     41 |    253 |    139 |   1 |  495.0 |
               +--------+--------+--------+--------+--------+-----+--------+

Top non-repeatable levels by time:
     D:1: 2545 daAuts
     D:4: 1776 daAuts
     D:3: 1547 daAuts
     D:2: 1441 daAuts
  Temple: 495 daAuts
     D:5: 94 daAuts
